 Dungeon Crawl Stone Soup version 0.29.1-2-gbd0b4ee654 (webtiles) character file.

Game seed: 3621707659260515652

97 GorkyZ the Trooper (level 4, -2/35 HPs)
             Began as a Demonspawn Fighter on Nov 22, 2022.
             Slain by Terence
             ... wielding a +6 vorpal flail
              (7 damage)
             ... on level 3 of the Dungeon.
             The game lasted 00:05:03 (2321 turns).

GorkyZ the Trooper (Demonspawn Fighter)             Turns: 2321, Time: 00:05:05

Health: -2/35      AC: 10    Str: 19    XL:     4   Next: 42%
Magic:  4/4        EV:  7    Int:  9    God:
Gold:   128        SH:  4    Dex: 12    Spells: 3/3 levels left

rFire   . . .      SeeInvis .   a - +0 war axe
rCold   . . .      Faith    .   c - +0 buckler
rNeg    . . .      Spirit   .   j - +0 chain mail
rPois   .          Reflect  .   (helmet restricted)
rElec   .          Harm     .   (no cloak)
rCorr   .          Rampage  .   (no gloves)
Will    .....                   q - +0 pair of boots
Stlth   ..........              (no amulet)
HPRegen 0.11/turn               (no ring)
MPRegen 0.18/turn               (no ring)

@: no status effects
A: horns 1, magic regeneration, weakness stinger 1
a: no special abilities


You were on level 3 of the Dungeon.
You visited 1 branch of the dungeon, and saw 3 of its levels.

You collected 128 gold pieces.

Inventory:

Hand Weapons
 a - a +0 war axe (weapon)
Missiles
 f - 9 poisoned darts (quivered)
Armour
 b - a +0 scale mail
 c - a +0 buckler (worn)
 j - a +0 chain mail (worn)
 q - a +0 pair of boots (worn)
Wands
 h - a wand of mindburst (11)
Scrolls
 e - a scroll of identify {unknown}
 g - a scroll of magic mapping {unknown}
 i - a scroll of amnesia {unknown}
 k - a scroll of fear {unknown}
 n - a scroll of teleportation {unknown}
Potions
 d - 3 potions of might
 l - a potion of curing {unknown}
 m - a potion of ambrosia {unknown}
 o - 2 potions of brilliance {unknown}
 p - a potion of attraction {unknown}


   Skills:
 + Level 3.3 Fighting
 + Level 2.2 Axes
 + Level 1.0 Throwing
 + Level 3.0 Armour
 + Level 1.1 Dodging
 + Level 3.1 Shields
 + Level 1.6 Evocations


You had 3 spell levels left.
You didn't know any spells.
Your spell library contained the following spells:

 Spells                   Type           Power      Damage    Failure   Level
 Necrotise                Necr           0%         1d4       99%         1
 Summon Guardian Golem    Hex/Summ       0%         N/A       100%        3
 Vampiric Draining        Necr           0%         2d6       100%        3
 Agony                    Necr           0%         N/A       100%        5
 Orb of Destruction       Conj           0%         9d5       100%        7
 Spellforged Servitor     Conj/Summ      0%         N/A       100%        7


Dungeon Overview and Level Annotations

Branches:
Dungeon (3/15)

Altars:

Annotations:
D:3 Terence


Innate Abilities, Weirdness & Mutations

You have a pair of small horns on your head.
You regenerate magic rapidly.
You have a small tail.


Message History

No target in view!
No target in view!
No target in view!
No target in view!
No target in view!
No target in view!
You see here a rat corpse.
Terence and a giant cockroach come into view.
Terence is wielding a +6 vorpal flail.
Terence shouts!
Found a scroll labelled QOFRAL HOHIUSE.
Found an escape hatch in the floor.
You hit Terence but do no damage. Terence hits you but does no damage.
You closely miss Terence. You closely miss the giant cockroach.
The giant cockroach barely misses you.
Terence hits you with a +6 vorpal flail.
You block the giant cockroach's attack.
Terence hits you with a +6 vorpal flail.
You slash Terence!
Terence is moderately wounded.
You barely miss the giant cockroach. The giant cockroach closely misses you.
Terence hits you with a +6 vorpal flail!
* * * LOW HITPOINT WARNING * * *
The giant cockroach bites you but does no damage.
You are too injured to fight recklessly!
You are too injured to fight recklessly!
You are too injured to fight recklessly!
You are too injured to fight recklessly!
You slash Terence!
Terence is almost dead.
You hit the giant cockroach. Terence barely misses you.
The giant cockroach bites you but does no damage.
Terence hits you with a +6 vorpal flail.
* * * LOW HITPOINT WARNING * * *
x2 You barely miss Terence.
You headbutt Terence.
Terence is almost dead.
You hit the giant cockroach.
The giant cockroach bites you but does no damage.
You block the giant cockroach's attack.
Terence hits you with a +6 vorpal flail!
You die...

####### #.....# ##
#>## #.....# #......
.#.....# #.#.?.
##.#.....# #.#..#
...#.....###.#.. # #
#.###†.......#.#.#.#
.
#.##.###.###.#B....#
# #.#.##
##.##.@@....#
####..## ##.#.###.###
......# #.#.# #.##..#
#.#...###.# ..##.#..#
#.........#
#....##.....#########
...####....#
...####....#
...........#


You could see Terence and a giant cockroach.

Vanquished Creatures
  An adder (D:2)
  4 gnolls (D:3)
  A worm (D:2)
  3 dart slugs
  6 endoplasms
  2 giant cockroaches
  3 goblins
  4 hobgoblins
  2 jackals (D:3)
  A quokka (D:2)
  3 ball pythons
  A bat (D:2)
  6 frilled lizards
  2 kobolds
  2 rats
  A spectral hobgoblin (D:1)
42 creatures vanquished.

Notes
Turn   | Place    | Note
-------+----------+-------------------------------------------
     0 | D:1      | GorkyZ the Demonspawn Fighter began the quest for the Orb.
     0 | D:1      | Reached XP level 1. HP: 18/18 MP: 1/1
   382 | D:1      | Discovered your monstrous ancestry.
   382 | D:1      | Gained mutation: You have a small tail. [demonic ancestry]
   382 | D:1      | Reached XP level 2. HP: 24/24 MP: 2/2
   505 | D:1      | Found a faded altar of an unknown god.
   825 | D:2      | Gained mutation: You regenerate magic rapidly. [demonic
                  | ancestry]
   825 | D:2      | Reached XP level 3. HP: 24/29 MP: 3/3
   826 | D:2      | Reached skill level 1 in Evocations
  1701 | D:3      | Reached skill level 1 in Dodging
  1701 | D:3      | Gained mutation: You have a pair of small horns on your
                  | head. [demonic ancestry]
  1701 | D:3      | Reached XP level 4. HP: 13/35 MP: 4/4
  1702 | D:3      | Reached skill level 1 in Throwing
  2315 | D:3      | Noticed Terence
  2321 | D:3      | Slain by Terence

Illustrated notes

Levels and vault maps discovered:
D:1:      dpeg_arrival_windows_large_door, layout_loops_cross,
          dreamdust_ecumenical_altar_drowned_temple
D:2:      layout_rooms
D:3:      layout_loops_cross, general_overflow_altar, uniq_terence

Skill      XL: |  1  2  3  4 |
---------------+-------------+-----
Axes           | 2 |  2.2
Evocations     | 1 |  1.6
Armour         | 3 |  3.0
Shields        | 3 |  3.1
Dodging        | 1 |  1.1
Throwing       | 1 |  1.0
Fighting       | |  3.3

Action                   |  1- 3 |  4- 6 || total
-------------------------+-------+-------++-------
Melee: War axe           |    95 |    20 ||   115
       Tailslap          |     6 |     3 ||     9
       Headbutt          |       |     2 ||     2
Armor: Scale mail        |    19 |       ||    19
       Chain mail        |    22 |     9 ||    31
Dodge: Dodged            |    44 |    10 ||    54
Block: Buckler           |    25 |     5 ||    30
